[Event "ICC tourney 1954 (60 10)"]
[Site "Internet Chess Club"]
[Date "2020.08.07"]
[Round "1"]
[White "Harper0717"]
[Black "sskavin14"]
[Result "0-1"]
[ICCResult "White resigns"]
[WhiteElo "1121"]
[BlackElo "1060"]
[Opening "Sicilian: closed"]
[ECO "B23"]
[NIC "SI.44"]
[Time "12:22:22"]
[TimeControl "3600+10"]

1. e4 c5 2. Nc3 e6 3. Nf3 d6 4. Bc4 Nf6 5. d3 h6 6. O-O a6 7. a4 Nc6 8. Be3
Be7 9. d4 Qb6 10. d5 Ne5 11. Nxe5 dxe5 12. Bb3 O-O 13. Qf3 Rd8 14. Qg3 Nh5
15. Qxe5 Nf6 16. Qg3 e5 17. Qxe5 Bd6 18. a5 Qa7 19. Nb5 axb5 20. Qc3 Nxe4
21. Qe1 Qb8 22. h3 Nf6 23. Ba2 c4 24. Rd1 Re8 25. b4 Bf5 26. Qe2 Bxb4 27.
Bb1 Bxa5 28. Qf3 Be4 29. Qe2 Bxd5 30. f3 Bb6 31. Kh1 Rxe3 32. Qd2 Nh5
{White resigns}
0-1

[Event "ICC tourney 1954 (60 10)"]
[Site "Internet Chess Club"]
[Date "2020.08.07"]
[Round "1"]
[White "Anishkor"]
[Black "JCJ2018"]
[Result "1-0"]
[ICCResult "Black checkmated"]
[WhiteElo "1362"]
[BlackElo "994"]
[Opening "Giuoco Piano: four knights variation"]
[ECO "C55"]
[NIC "IG.01"]
[Time "12:21:33"]
[TimeControl "3600+10"]

1. e4 e5 2. Nf3 Nc6 3. Bc4 Nf6 4. Nc3 Bc5 5. O-O d6 6. h3 Be6 7. d3 Bxc4 8.
dxc4 h6 9. Nd5 Nxe4 10. Be3 b6 11. Re1 Ne7 12. Nxe7 Qxe7 13. Qd5 O-O 14.
Qxe4 f5 15. Qd5+ Kh8 16. Bxc5 bxc5 17. Rad1 e4 18. g3 Qf6 19. Nh4 g5 20. Ng2
Qxb2 21. Ne3 Qf6 22. Rb1 f4 23. Ng4 Qd4 24. Rxe4 Qxd5 25. cxd5 h5 26. Nh2
fxg3 27. fxg3 Rf5 28. Rb7 Rf7 29. g4 a6 30. gxh5 Raf8 31. Re1 Rf2 32. Rf1
Rxf1+ 33. Nxf1 Rf7 34. Ra7 Rh7 35. Ng3 Rf7 36. Rxa6 Rf3 37. Kg2 Rc3 38. Ne4
Rxc2+ 39. Kg3 c4 40. Rc6 Rxa2 41. Rxc4 Ra3+ 42. Rc3 Rxc3+ 43. Nxc3 Kg7 44.
Nb5 Kf7 45. Nxc7 Ke7 46. h6 Kf7 47. Nb5 Kg6 48. Nxd6 Kxh6 49. Nf7+ Kg6 50.
Ne5+ Kf6 51. Nc4 Ke7 52. Kg4 Kf6 53. d6 Ke6 54. Kxg5 Kd7 55. h4 Ke8 56. h5
Kf8 57. h6 Kg8 58. d7 Kh7 59. Kh5 Kh8 60. d8=Q+ Kh7 61. Qe7+ Kh8 62. Qg7#
{Black checkmated}
1-0

[Event "ICC tourney 1954 (60 10)"]
[Site "Internet Chess Club"]
[Date "2020.08.07"]
[Round "1"]
[White "Kfprasanna"]
[Black "meahulm"]
[Result "1/2-1/2"]
[ICCResult "Game drawn by repetition"]
[WhiteElo "1341"]
[BlackElo "1094"]
[Opening "Giuoco Pianissimo"]
[ECO "C50"]
[NIC "IG.02"]
[Time "12:22:22"]
[TimeControl "3600+10"]

1. e4 e5 2. Nf3 Nc6 3. Bc4 Bc5 4. d3 h6 5. Nc3 Nf6 6. Be3 Bb6 7. h3 d6 8.
Qd2 Be6 9. Bb3 d5 10. exd5 Nxd5 11. Nxd5 Bxd5 12. Bxd5 Qxd5 13. a3 O-O 14.
O-O Rfe8 15. Rad1 Rad8 16. Rfe1 Nd4 17. Nxd4 Bxd4 18. Bxd4 Qxd4 19. c3 Qd5
20. c4 Qd6 21. Qc3 Qd4 22. Qxd4 Rxd4 23. Re4 f6 24. Rxd4 exd4 25. Kf1 Kf7
26. Re1 Rxe1+ 27. Kxe1 Ke6 28. Ke2 Ke5 29. Kf3 h5 30. g4 hxg4+ 31. Kxg4 b6
32. h4 c5 33. f4+ Ke6 34. h5 b5 35. b3 bxc4 36. bxc4 a6 37. Kg3 f5 38. a4 a5
39. Kh4 Kf6 40. Kg3 Ke6 41. Kh4 Kf6 42. Kg3 Ke6 43. Kf3 Kf7 44. Kg3 Ke6 45.
Kh4 Kf6 46. Kg3 Ke6 47. Kh4 {Game drawn by repetition} 1/2-1/2

[Event "ICC tourney 1954 (60 10)"]
[Site "Internet Chess Club"]
[Date "2020.08.07"]
[Round "1"]
[White "ThanhPoertner"]
[Black "AnandVinod"]
[Result "1-0"]
[ICCResult "Black checkmated"]
[WhiteElo "1103"]
[BlackElo "1161"]
[Opening "Scotch game"]
[ECO "C45"]
[NIC "SO.05"]
[Time "12:21:41"]
[TimeControl "3600+10"]

1. e4 e5 2. Nf3 Nc6 3. d4 exd4 4. Nxd4 Bc5 5. Be3 Qf6 6. c3 Nge7 7. Be2 d6
8. O-O O-O 9. Nxc6 Nxc6 10. Bxc5 dxc5 11. Qd5 Qe7 12. Re1 Be6 13. Qh5 Rad8
14. Na3 f5 15. exf5 Rxf5 16. Qxf5 Bxf5 17. Bc4+ Qf7 18. Bxf7+ Kxf7 19. Nc4
Kf6 20. h3 b5 21. Ne3 Bg6 22. Rad1 Rxd1 23. Rxd1 Bf7 24. Nd5+ Kg6 25. Nxc7
Ne5 26. Nxb5 Bxa2 27. Nxa7 Bb3 28. Rd6+ Kf7 29. Nc6 Nc4 30. Rd7+ Kg6 31. g4
Nxb2 32. Rb7 c4 33. Nd4 Na4 34. Nxb3 cxb3 35. Rxb3 Kg5 36. c4 Kh4 37. Rb5
Kxh3 38. c5 Nc3 39. Rb3 Kxg4 40. Rxc3 h5 41. c6 h4 42. c7 h3 43. c8=Q+ Kh5
44. Rxh3+ Kg6 45. Rg3+ Kh6 46. Qh8# {Black checkmated} 1-0

[Event "ICC tourney 1954 (60 10)"]
[Site "Internet Chess Club"]
[Date "2020.08.07"]
[Round "1"]
[White "che108642"]
[Black "lemonbar"]
[Result "1-0"]
[ICCResult "Black resigns"]
[WhiteElo "1409"]
[BlackElo "1058"]
[Opening "Queen's pawn: Chigorin variation"]
[ECO "D00"]
[NIC "QP.08"]
[Time "12:22:09"]
[TimeControl "3600+10"]

1. d4 d5 2. Nc3 Nf6 3. Bf4 Nc6 4. Nb5 e5 5. Bxe5 Nxe5 6. dxe5 Ng4 7. Qxd5 c6
8. Qxd8+ Kxd8 9. Nc3 Nxe5 10. O-O-O+ Ke8 11. Nf3 Nxf3 12. exf3 Bb4 13. Ne4
Be6 14. a3 Be7 15. Be2 Rd8 16. h3 f5 17. Ng3 Rxd1+ 18. Rxd1 Bg5+ 19. Kb1 Kf7
20. Nf1 Rd8 21. Re1 b5 22. g3 Bd5 23. f4 Bf6 24. Ne3 g6 25. Bd3 Be4 26. Bxe4
fxe4 27. Ng4 Kg7 28. Rxe4 Rd1+ 29. Ka2 Rd2 30. Kb3 a5 31. Nxf6 Kxf6 32. f3
Rg2 33. g4 Rg3 34. Re3 Rxh3 35. c4 h5 36. gxh5 gxh5 37. cxb5 cxb5 38. a4 Rh4
39. Re4 Rh3 40. axb5 Rxf3+ 41. Ka4 h4 42. b6 h3 43. b7 h2 44. b8=Q h1=Q 45.
Qf8+ Kg6 46. Re6+ Kh5 47. Rh6+ Kg4 48. Rxh1 Rxf4+ 49. Qxf4+ Kxf4 50. Kxa5
{Black resigns}
1-0

[Event "ICC tourney 1954 (60 10)"]
[Site "Internet Chess Club"]
[Date "2020.08.07"]
[Round "1"]
[White "Rhinoguy"]
[Black "SreeVSundaram"]
[Result "0-1"]
[ICCResult "White resigns"]
[WhiteElo "1159"]
[BlackElo "699"]
[Opening "Sicilian: Alapin's variation (2.c3)"]
[ECO "B22"]
[NIC "SI.46"]
[Time "12:22:22"]
[TimeControl "3600+10"]

1. e4 c5 2. c3 e6 3. Nf3 Nc6 4. d4 cxd4 5. cxd4 Nf6 6. Nc3 Bb4 7. Bd3 Qa5 8.
Bd2 e5 9. dxe5 Nxe5 10. Nxe5 Qxe5 11. O-O O-O 12. Qf3 d6 13. a3 Bc5 14. Bf4
Bg4 15. Bxe5 Bxf3 16. Bxf6 Bxg2 17. Kxg2 gxf6 18. Rg1 Kh8 19. Kf3 Rg8 20.
Rg3 Rxg3+ 21. hxg3 Rc8 22. Bc4 Bd4 23. Bxf7 Bxc3 24. Rc1 Rf8 25. Rxc3 Rxf7
26. Rc8+ Kg7 27. Rd8 f5 28. exf5 Rxf5+ 29. Ke4 Rxf2 30. Rd7+ Rf7 31. Rxd6
Rf2 32. Rd7+ Rf7 33. Rxf7+ Kxf7 34. Kf5 Kg7 35. Ke6 Kg6 36. Kd7 Kg5 37. Kc7
Kg4 38. Kxb7 Kxg3 39. Kxa7 h5 40. b4 h4 41. b5 h3 42. b6 h2 43. b7 h1=Q 44.
b8=Q+ Kf2 45. Qf4+ Ke2 46. Qe4+ Qxe4 {White resigns} 0-1

[Event "ICC tourney 1954 (60 10)"]
[Site "Internet Chess Club"]
[Date "2020.08.07"]
[Round "1"]
[White "ThatGuyZach1234"]
[Black "ChessMstr"]
[Result "1-0"]
[ICCResult "Black checkmated"]
[WhiteElo "1013"]
[BlackElo "1104"]
[Opening "English opening"]
[ECO "E70"]
[NIC "KI.31"]
[Time "12:21:35"]
[TimeControl "3600+10"]

1. c4 Nf6 2. Nc3 g6 3. e4 d6 4. d4 Bg7 5. d5 e6 6. g3 e5 7. Bg2 O-O 8. Bg5
Nbd7 9. h3 h6 10. Be3 Ne8 11. Qd2 Kh7 12. Nge2 Nb6 13. b3 f5 14. O-O g5 15.
f4 gxf4 16. gxf4 Qh4 17. Rae1 fxe4 18. fxe5 Rxf1+ 19. Rxf1 dxe5 20. Nxe4
Bxh3 21. Qd3 Kh8 22. Bf2 Qg4 23. Qxh3 Qxe2 24. Be3 h5 25. Rf3 Qe1+ 26. Kh2
Nd6 27. Qxh5+ Kg8 28. Ng5 Qb1 29. c5 Nxd5 30. cxd6 Nxe3 31. Qf7+ Kh8 32.
Rh3+ Bh6 33. Rxh6+ Qh7 34. Rxh7# {Black checkmated} 1-0

[Event "ICC tourney 1954 (60 10)"]
[Site "Internet Chess Club"]
[Date "2020.08.07"]
[Round "1"]
[White "sahithyansaran"]
[Black "haarim"]
[Result "0-1"]
[ICCResult "White checkmated"]
[WhiteElo "563"]
[BlackElo "1102"]
[Opening "French defense"]
[ECO "C00"]
[NIC "FR.01"]
[Time "12:21:56"]
[TimeControl "3600+10"]

1. e4 e6 2. Nc3 d5 3. e5 c5 4. d4 Nc6 5. Nf3 Qb6 6. Be3 cxd4 7. Bxd4 Nxd4 8.
Qxd4 Bc5 9. Qd2 Bd7 10. b3 Rc8 11. a3 a5 12. Na4 Bxa4 13. bxa4 Ne7 14. Bb5+
Nc6 15. O-O O-O 16. c3 Rfd8 17. Bxc6 Rxc6 18. Rfd1 Rdc8 19. Nd4 Bxd4 20.
Qxd4 Qxd4 21. cxd4 Rc4 22. Rab1 Rxa4 23. Rxb7 Rxa3 24. f4 Kf8 25. Kf2 Rc2+
26. Kf1 Raa2 27. Rdb1 g6 28. h4 Rf2+ 29. Ke1 Rxg2 30. Rb8+ Kg7 31. Kf1 Rgf2+
32. Kg1 Rxf4 33. R8b2 Rxb2 34. Rxb2 Rxd4 35. Ra2 a4 36. Kg2 Rxh4 37. Kg3 Re4
38. Kf3 h5 39. Kg3 g5 40. Rh2 Kg6 41. Rh1 Rxe5 42. Kf3 Re4 43. Kg3 Re3+ 44.
Kf2 Rb3 45. Ra1 a3 46. Ke1 Rh3 47. Kd2 a2 48. Kc1 Rh1+ 49. Kb2 Rxa1 50. Kxa1
h4 51. Kxa2 h3 52. Kb3 h2 53. Kb4 h1=Q 54. Kc5 d4 55. Kxd4 Qe1 56. Kd3 Kf5
57. Kd4 Qe4+ 58. Kc3 g4 59. Kb2 Qd3 60. Ka1 Qd2 61. Kb1 g3 62. Ka1 g2 63.
Kb1 g1=Q# {White checkmated} 0-1

[Event "ICC tourney 1954 (60 10)"]
[Site "Internet Chess Club"]
[Date "2020.08.07"]
[Round "1"]
[White "sakethdesu"]
[Black "kkjrme"]
[Result "0-1"]
[ICCResult "White checkmated"]
[WhiteElo "866"]
[BlackElo "1265"]
[Opening "Sicilian: Hungarian variation"]
[ECO "B34"]
[NIC "SI.43"]
[Time "12:22:01"]
[TimeControl "3600+10"]

1. e4 c5 2. Nf3 g6 3. Nc3 Bg7 4. d4 cxd4 5. Nxd4 Nc6 6. Be3 Nf6 7. Bd3 O-O
8. O-O d6 9. Nxc6 bxc6 10. Re1 Ng4 11. Bd2 Qb6 12. Qf3 Qxb2 13. Be2 Qxc2 14.
Red1 Qb2 15. Qf4 Bxc3 16. Bxg4 Bxd2 17. Qxd2 Qxd2 18. Rxd2 Bxg4 19. f3 Be6
20. Rc1 c5 21. a4 Rab8 22. Rdd1 Rb4 23. Ra1 Rfb8 24. Kf2 Rb2+ 25. Kg3 Rc2
26. h4 Rbb2 27. Rg1 Rb4 28. a5 Rc3 29. Kf4 d5 30. g4 dxe4 31. fxe4 Rcc4 32.
Rge1 Bd5 33. Rac1 Rxe4+ 34. Rxe4 Rd4 35. Rxd4 cxd4 36. Rd1 a6 37. Rxd4 Bc6
38. g5 f6 39. gxf6 exf6 40. Rd6 g5+ 41. hxg5 fxg5+ 42. Kxg5 Bb5 43. Rb6 Bd3
44. Kh6 Kf7 45. Rb7+ Ke6 46. Ra7 Kd6 47. Rb7 Kc5 48. Rb3 Kc4 49. Rb6 Kc3 50.
Rb8 Kc4 51. Rb6 Kc5 52. Rb8 Kc4 53. Rb6 Kc3 54. Rb7 Kc4 55. Rb6 Kc5 56. Rb7
Bb5 57. Kxh7 Kb4 58. Rxb5+ Kxb5 59. Kg6 Kxa5 60. Kf5 Kb4 61. Ke4 Kb3 62. Kd3
a5 63. Kd2 Kb2 64. Kd3 a4 65. Kd2 a3 66. Kd1 a2 67. Kd2 a1=Q 68. Kd3 Qc1 69.
Ke2 Qc3 70. Kd1 Qd3+ 71. Ke1 Qe3+ 72. Kd1 Qc1+ 73. Ke2 Kc2 74. Kf2 Kd3 75.
Kf3 Qf1+ 76. Kg3 Ke4 77. Kh2 Qe2+ 78. Kg3 Qe1+ 79. Kg2 Kf4 80. Kh2 Kf3 81.
Kh3 Qh1# {White checkmated} 0-1

[Event "ICC tourney 1954 (60 10)"]
[Site "Internet Chess Club"]
[Date "2020.08.07"]
[Round "1"]
[White "Deanmoon32"]
[Black "Electryon"]
[Result "0-1"]
[ICCResult "White resigns"]
[WhiteElo "1014"]
[BlackElo "1377"]
[Opening "Scandinavian (center counter) defense"]
[ECO "B01"]
[NIC "SD.02"]
[Time "12:21:52"]
[TimeControl "3600+10"]

1. e4 d5 2. exd5 Qxd5 3. Nc3 Qd8 4. Nf3 c6 5. d4 Bf5 6. Bc4 e6 7. O-O Nf6 8.
Ng5 Be7 9. Re1 O-O 10. Nce4 Nbd7 11. Bf4 h6 12. Nxf6+ Nxf6 13. Nf3 Bd6 14.
Bxd6 Qxd6 15. Nh4 Bh7 16. Bd3 Rad8 17. Bxh7+ Nxh7 18. c3 Qf4 19. g3 Qf6 20.
f4 c5 21. Qg4 cxd4 22. Rad1 dxc3 23. bxc3 Qxc3 24. f5 Nf6 25. Qh3 Qc5+ 26.
Kh1 Rxd1 27. Rxd1 exf5 28. Nxf5 Qc2 29. Ne7+ Kh8 30. Re1 Qxa2 31. g4 Qd2 32.
Re5 Qd1+ 33. Kg2 Qxg4+ 34. Qxg4 Nxg4 35. Re4 Nf6 36. Rc4 Rb8 37. Rc7 a5 38.
Rc5 b5 39. Nc6 Rc8 40. h4 b4 {White resigns} 0-1

[Event "ICC tourney 1954 (60 10)"]
[Site "Internet Chess Club"]
[Date "2020.08.07"]
[Round "1"]
[White "BearDBS"]
[Black "lukebugbee"]
[Result "0-1"]
[ICCResult "White resigns"]
[WhiteElo "1195"]
[BlackElo "973"]
[Opening "Queen's pawn game"]
[ECO "A46"]
[NIC "QP.05"]
[Time "12:22:22"]
[TimeControl "3600+10"]

1. d4 Nf6 2. Nf3 e6 3. Bf4 d6 4. e3 Be7 5. h3 O-O 6. Nbd2 a6 7. Bd3 b5 8. a3
Bb7 9. O-O Nh5 10. Bh2 Nd7 11. c3 Qe8 12. e4 f6 13. Qe2 e5 14. a4 c6 15. b4
Qg6 16. Nh4 Qe8 17. Nf5 g6 18. Nxe7+ Qxe7 19. c4 c5 20. cxb5 axb5 21. axb5
cxd4 22. Bc4+ Kg7 23. Qg4 f5 24. exf5 Rxa1 25. Rxa1 Rxf5 26. Ne4 Ndf6 27.
Nxf6 Qxf6 28. Ra7 Qe7 29. Bd5 Qg5 30. Rxb7+ Kh6 31. Qxg5+ Kxg5 32. Rxh7 Nf6
33. Rf7 Nxd5 34. Rxf5+ Kxf5 35. Kf1 Ke4 36. Ke2 d3+ 37. Kd2 Nxb4 38. b6 Nc6
39. f3+ Kd4 40. Bg1+ Kc4 41. Be3 d5 42. g4 e4 43. f4 d4 44. Bf2 e3+ 45. Bxe3
dxe3+ 46. Kxe3 Kc3 47. f5 gxf5 48. gxf5 d2 49. f6 d1=Q 50. f7 Qd8 51. h4
Qe7+ 52. Kf3 Qxf7+ 53. Kg4 Qc4+ 54. Kg5 Qb5+ 55. Kf6 Qxb6 56. h5 Nd4+ 57.
Kg7 Nf5+ 58. Kf7 Kd4 59. h6 Nxh6+ 60. Kg7 Ke5 61. Kh7 Kf5 62. Kg7 Qg6+
{White resigns}
0-1

[Event "ICC tourney 1954 (60 10)"]
[Site "Internet Chess Club"]
[Date "2020.08.07"]
[Round "1"]
[White "ayanloveschess"]
[Black "ronTic"]
[Result "1-0"]
[ICCResult "Black checkmated"]
[WhiteElo "985"]
[BlackElo "1173"]
[Opening "Ruy Lopez: exchange variation"]
[ECO "C68"]
[NIC "RL.08"]
[Time "12:22:11"]
[TimeControl "3600+10"]

1. e4 e5 2. Nf3 Nc6 3. Bb5 a6 4. Bxc6 dxc6 5. d4 exd4 6. Qxd4 Bg4 7. Qxd8+
Rxd8 8. Nfd2 Bb4 9. h3 Be6 10. O-O Nf6 11. e5 Nd7 12. Nf3 O-O 13. c3 Bc5 14.
Bf4 Nb6 15. Nbd2 Nd5 16. Bg5 Rd7 17. c4 Ne7 18. Bxe7 Bxe7 19. b3 Rfd8 20.
Rad1 b5 21. cxb5 cxb5 22. Rfe1 c5 23. Kf1 c4 24. Ke2 cxb3 25. axb3 Bb4 26.
g4 a5 27. Rf1 Bd5 28. Nd4 Bg2 29. Rg1 Bxh3 30. N4f3 a4 31. bxa4 bxa4 32. Rg3
Bf1+ 33. Kxf1 Bxd2 34. Ke2 Bf4 35. Rxd7 Rxd7 36. Rh3 Bd2 37. Nxd2 Rd4 38.
Rc3 Kf8 39. Rc4 Rd5 40. Rxa4 Rxe5+ 41. Re4 Rb5 42. Nc4 Rb4 43. Nd6 Rxe4+ 44.
Nxe4 Ke7 45. Ke3 h6 46. f4 g6 47. Kd4 f5 48. gxf5 gxf5 49. Ng3 Kf6 50. Kd5
Kf7 51. Ke5 Kg6 52. Ke6 h5 53. Nxh5 Kxh5 54. Kxf5 Kh6 55. Ke6 Kg7 56. f5 Kf8
57. Kf6 Kg8 58. Ke7 Kg7 59. f6+ Kg8 60. f7+ Kg7 61. f8=Q+ Kg6 62. Qf7+ Kg5
63. Ke6 Kg4 64. Qf5+ Kg3 65. Ke5 Kg2 66. Qf4 Kh1 67. Qg5 Kh2 68. Kf4 Kh1 69.
Kf3 Kh2 70. Qg4 Kh1 71. Kf2 Kh2 72. Qh5# {Black checkmated} 1-0

[Event "ICC tourney 1954 (60 10)"]
[Site "Internet Chess Club"]
[Date "2020.08.07"]
[Round "1"]
[White "karmapillai"]
[Black "srinandasai12"]
[Result "0-1"]
[ICCResult "White checkmated"]
[WhiteElo "1005"]
[BlackElo "1193"]
[Opening "Sicilian: dragon variation"]
[ECO "B70"]
[NIC "SI.15"]
[Time "12:21:34"]
[TimeControl "3600+10"]

1. e4 c5 2. Nf3 d6 3. d4 cxd4 4. Nxd4 Nf6 5. Nc3 g6 6. Bc4 Bg7 7. O-O O-O 8.
Re1 a6 9. Bd2 b5 10. Bb3 Bb7 11. a3 Qc7 12. Nf3 Nbd7 13. Bf4 Qb6 14. Qd2
Rfc8 15. Rad1 a5 16. Qd3 a4 17. Ba2 b4 18. Nxa4 Rxa4 19. Qb3 Ra6 20. Qxf7+
Kh8 21. Qxe7 Rxc2 22. Be3 Qc7 23. Rc1 Rac6 24. Rxc2 Rxc2 25. Qe6 bxa3 26.
bxa3 Bxe4 27. Bf4 Bxf3 28. Bxd6 Qb6 29. Rf1 Be2 30. Re1 Bc4 31. Qe3 Qxe3 32.
fxe3 Rxa2 33. e4 Ne8 34. Bb4 Bd4+ 35. Kh1 Ra1 36. Rxa1 Bxa1 37. a4 Nc7 38.
Kg1 Na6 39. Bd2 Bd4+ 40. Kh1 Kg7 41. g3 Kf6 42. Kg2 Ke5 43. Kf3 Ke6 44. Kf4
Kf6 45. Be1 Ndc5 46. Bd2 Nxa4 47. Be1 N4c5 48. Bd2 Bd3 49. Ba5 Bxe4 50. Bd2
h5 51. g4 hxg4 52. Kxg4 Bf5+ 53. Kf3 Ke6 54. Kg3 Ne4+ 55. Kf3 Nxd2+ 56. Ke2
Nc4 57. Kf3 Be5 58. Kg2 g5 59. h3 Bd4 60. Kg3 Kf6 61. h4 gxh4+ 62. Kxh4 Be3
63. Kg3 Bd4 64. Kf3 Be5 65. Ke2 Kg5 66. Kf3 Bf4 67. Ke2 Be4 68. Kf2 Nd6 69.
Ke2 Kg4 70. Kf2 Bf3 71. Ke1 Be3 72. Kf1 Nc4 73. Ke1 Kg3 74. Kf1 Nb4 75. Ke1
Nc2+ 76. Kf1 Nd2# {White checkmated} 0-1

[Event "ICC tourney 1954 (60 10)"]
[Site "Internet Chess Club"]
[Date "2020.08.07"]
[Round "1"]
[White "ElaineFan"]
[Black "suhavit"]
[Result "1-0"]
[ICCResult "Black checkmated"]
[WhiteElo "1189"]
[BlackElo "1026"]
[Opening "Giuoco Pianissimo"]
[ECO "C50"]
[NIC "IG.02"]
[Time "12:21:58"]
[TimeControl "3600+10"]

1. e4 e5 2. Nf3 Nc6 3. Bc4 Bc5 4. d3 h6 5. c3 Nf6 6. O-O d6 7. a4 a6 8. Re1
O-O 9. h3 Be6 10. Bxe6 fxe6 11. Qb3 Qd7 12. Be3 Ba7 13. Bxa7 Rxa7 14. Nbd2
Raa8 15. Nf1 Rab8 16. Ng3 Qf7 17. Qd1 Rbd8 18. Re3 Qe7 19. Qb3 Rb8 20. Nh4
Qf7 21. Rf1 Kh7 22. Qd1 Ne7 23. Nf3 Ng6 24. Nh2 Qe7 25. Ng4 Nxg4 26. Qxg4
Qf7 27. Qd1 Kg8 28. Rf3 Qe7 29. Rxf8+ Rxf8 30. Qb3 b6 31. Nf5 Qf7 32. Ne3
Nf4 33. Qd1 Qg6 34. Kh2 Qf7 35. g3 Ng6 36. Qh5 Ne7 37. Qxf7+ Rxf7 38. Kg2
Ng6 39. b4 Rf8 40. Nc4 Ne7 41. Re1 Nc6 42. Re3 Kf7 43. Rf3+ Kg8 44. Rxf8+
Kxf8 45. Ne3 Kf7 46. Kf3 d5 47. exd5 exd5 48. Nxd5 a5 49. bxa5 bxa5 50. Nxc7
Ne7 51. Ke4 Kf6 52. Nd5+ Nxd5 53. Kxd5 Kf5 54. c4 g5 55. c5 g4 56. hxg4+
Kxg4 57. c6 Kf3 58. c7 Kxf2 59. c8=Q Kxg3 60. Qg8+ Kf4 61. Qg6 Kf3 62. Qe4+
Kf2 63. Kxe5 h5 64. Kf4 h4 65. Qe3+ Kg2 66. Qf3+ Kg1 67. Qe2 h3 68. Kg3 h2
69. Qg2# {Black checkmated} 1-0

[Event "ICC tourney 1954 (60 10)"]
[Site "Internet Chess Club"]
[Date "2020.08.07"]
[Round "1"]
[White "Remington"]
[Black "EdwardTarte"]
[Result "1/2-1/2"]
[ICCResult "Game drawn by mutual agreement"]
[WhiteElo "886"]
[BlackElo "1192"]
[Opening "Modern defense"]
[ECO "A40"]
[NIC "QO.17"]
[Time "12:21:35"]
[TimeControl "3600+10"]

1. d4 g6 2. Bf4 Bg7 3. Nf3 b6 4. e3 Bb7 5. Be2 e6 6. c4 Ne7 7. Nc3 d6 8. O-O
Nd7 9. Bg5 O-O 10. e4 Re8 11. d5 exd5 12. exd5 Bf6 13. Qd2 Bg7 14. Bh6 Nf5
15. Bg5 Bf6 16. Bf4 Nc5 17. Rfe1 Ne4 18. Nxe4 Rxe4 19. Bd3 Rxe1+ 20. Rxe1
Qd7 21. Qc2 Nd4 22. Nxd4 Bxd4 23. b3 Re8 24. Rxe8+ Qxe8 25. h3 Qe1+ 26. Bf1
Bc8 27. Qd2 Qxd2 28. Bxd2 Bf5 29. b4 Bb1 30. a4 Bc2 31. a5 bxa5 32. bxa5 Kf8
33. g4 Ke7 34. Kg2 Kf6 35. f4 h6 36. Kf3 g5 37. f5 Ke5
{Game drawn by mutual agreement}
1/2-1/2

[Event "ICC tourney 1954 (60 10)"]
[Site "Internet Chess Club"]
[Date "2020.08.07"]
[Round "1"]
[White "QueeningPawn8"]
[Black "wonderwoman"]
[Result "1/2-1/2"]
[ICCResult "Game drawn because neither player has mating material"]
[WhiteElo "967"]
[BlackElo "1311"]
[Opening "Caro-Kann: Panov-Botvinnik attack"]
[ECO "B13"]
[NIC "CK.02"]
[Time "12:34:46"]
[TimeControl "3600+10"]

1. e4 c6 2. d4 d5 3. exd5 cxd5 4. c4 Nf6 5. Nf3 Bg4 6. Nc3 e6 7. Bg5 Bb4 8.
Be2 h6 9. Bh4 g5 10. Bg3 Bxc3+ 11. bxc3 Ne4 12. Qb3 Nd7 13. Rc1 h5 14. Bd3
O-O 15. cxd5 exd5 16. Qxd5 Ndf6 17. Qxb7 Nxg3 18. hxg3 Re8+ 19. Kd2 Rb8 20.
Qxa7 Ra8 21. Qc5 Rxa2+ 22. Rc2 Ra5 23. Qb4 Nd5 24. Qb3 Be6 25. Qb1 Bg4 26.
Re1 Rxe1 27. Nxe1 Qf6 28. Kc1 Qe6 29. Qb8+ Qc8 30. Qxc8+ Bxc8 31. c4 Nb4 32.
Rb2 Ra1+ 33. Rb1 Ra4 34. Nc2 Nxd3+ 35. Kd2 Bf5 36. Kc3 Nxf2 37. Rf1 Ne4+ 38.
Kb3 Ra5 39. Kb4 Ra2 40. Rxf5 Rxc2 41. Re5 Nd2 42. Rxg5+ Kh7 43. Rxh5+ Kg6
44. Rc5 Ne4 45. Rc6+ Kf5 46. d5 Ke5 47. Kb3 Rxg2 48. c5 Kxd5 49. Rc7 Rxg3+
50. Kb4 f5 51. c6 Rc3 52. Kb5 Rc5+ 53. Kb6 Kc4 54. Rf7 Nd6 55. Rf6 Rb5+ 56.
Kc7 Ne4 57. Re6 Kd5 58. Re7 Rc5 59. Rd7+ Ke6 60. Rd4 Ke5 61. Rd7 f4 62. Re7+
Kf5 63. Rf7+ Nf6 64. Kd6 Rc1 65. c7 Kg6 66. Rf8 Rxc7 67. Kxc7 Kg5 68. Rd8 f3
69. Rd1 Ne4 70. Rf1 Kg4 71. Kc6 Kg3 72. Kd5 Nd2 73. Rxf3+ Nxf3
{Game drawn because neither player has mating material}
1/2-1/2

[Event "ICC tourney 1954 (60 10)"]
[Site "Internet Chess Club"]
[Date "2020.08.07"]
[Round "1"]
[White "potatos22"]
[Black "yashvi"]
[Result "1-0"]
[ICCResult "Black checkmated"]
[WhiteElo "955"]
[BlackElo "1068"]
[Opening "French: Tarrasch, open, 4.ed ed"]
[ECO "C08"]
[NIC "FR.21"]
[Time "12:22:18"]
[TimeControl "3600+10"]

1. e4 e6 2. d4 d5 3. Nd2 c5 4. exd5 exd5 5. Ngf3 Nf6 6. Be2 Be7 7. dxc5 Bxc5
8. O-O O-O 9. Nb3 Bb6 10. Bg5 Be6 11. Qd2 Nc6 12. Rad1 h6 13. Bh4 Re8 14.
Rfe1 Bf5 15. Qc3 Ne4 16. Bxd8 Nxc3 17. bxc3 Raxd8 18. Bd3 Bg4 19. Be2 Na5
20. h3 Bh5 21. Nfd4 Nxb3 22. Bxh5 Rxe1+ 23. Rxe1 Nxd4 24. cxd4 Bxd4 25. Rd1
Bf6 26. Bf3 Rc8 27. Rd2 Bg5 28. Re2 Rd8 29. Re5 Rc8 30. Bxd5 Rxc2 31. Re8+
Kh7 32. Be4+ g6 33. Bxc2 Kg7 34. Ra8 a6 35. Be4 b5 36. Rxa6 b4 37. Rb6 Bd2
38. Kf1 Bc3 39. Rb7 Bd2 40. Bd5 Bc3 41. Rxf7+ Kh8 42. Be4 g5 43. Rh7+ Kg8
44. Rxh6 Kg7 45. Rg6+ Kf8 46. Rxg5 Ke7 47. g4 Kf6 48. Rg8 Kf7 49. Bd5+ Ke7
50. g5 Kd6 51. Bb3 Ke7 52. g6 Kf6 53. h4 Ke7 54. g7 Bf6 55. h5 Kd7 56. h6
Ke7 57. h7 Kd7 58. h8=Q Kc7 59. Rc8+ Kd7 60. Qe8+ Kd6 61. Rc6#
{Black checkmated}
1-0

[Event "ICC tourney 1954 (60 10)"]
[Site "Internet Chess Club"]
[Date "2020.08.07"]
[Round "1"]
[White "CheckMate33"]
[Black "glassviper"]
[Result "1-0"]
[ICCResult "Black resigns"]
[WhiteElo "1321"]
[BlackElo "930"]
[Opening "Ruy Lopez: old Steinitz defense"]
[ECO "C62"]
[NIC "RL.02"]
[Time "12:22:22"]
[TimeControl "3600+10"]

1. e4 e5 2. Nf3 Nc6 3. Bb5 d6 4. O-O Bd7 5. c3 Nf6 6. Re1 Be7 7. h3 a6 8.
Ba4 O-O 9. d4 b5 10. Bc2 Bc8 11. Nbd2 Bb7 12. Nf1 Qd7 13. Ng3 Rfe8 14. a4
Nb8 15. b4 Qe6 16. Bb3 Qc8 17. dxe5 dxe5 18. Nxe5 Rf8 19. Qc2 Bd6 20. Nxf7
Rxf7 21. Bxf7+ Kxf7 22. e5 Qe8 23. Bf4 Qc6 24. f3 Bxb4 25. Qb3+ Nd5 26. cxb4
Ke8 27. Be3 Nd7 28. e6 Ne5 29. Bc5 Nc4 30. Nf5 Nd6 31. Nd4 bxa4 32. Rxa4
Qxa4 33. Qxa4+ Nb5 34. Nxb5 axb5 35. Qxb5+ c6 36. Qxb7 {Black resigns} 1-0

[Event "ICC tourney 1954 (60 10)"]
[Site "Internet Chess Club"]
[Date "2020.08.07"]
[Round "1"]
[White "Red-Pin"]
[Black "GradyL"]
[Result "1/2-1/2"]
[ICCResult "Game drawn because neither player has mating material"]
[WhiteElo "1368"]
[BlackElo "1146"]
[Opening "Giuoco Piano"]
[ECO "C50"]
[NIC "IG.02"]
[Time "12:21:56"]
[TimeControl "3600+10"]

1. e4 e5 2. Nf3 Nc6 3. Bc4 Bc5 4. O-O Nf6 5. d3 O-O 6. Nc3 d6 7. Bg5 Be6 8.
Nd5 Bxd5 9. Bxd5 h6 10. Bxc6 bxc6 11. Bh4 Rb8 12. Rb1 Re8 13. Re1 Qe7 14. c3
Qe6 15. Bxf6 Qxf6 16. d4 exd4 17. cxd4 Bb6 18. e5 Qg6 19. Qa4 dxe5 20. Nxe5
Qe6 21. Kf1 Qd6 22. Nxc6 Rxe1+ 23. Rxe1 Ra8 24. g3 Kh8 25. Ne5 Qd5 26. Qc6
Qxc6 27. Nxc6 Kh7 28. a4 a5 29. Ke2 g5 30. Kd3 Rg8 31. Kc4 Rg6 32. Kb5 Rf6
33. Re2 Rd6 34. Rd2 Rd5+ 35. Kc4 Rd6 36. Ne5 f6 37. Nf3 Ba7 38. h3 Kg6 39.
g4 c6 40. b4 axb4 41. Kxb4 h5 42. Kc4 f5 43. Ne5+ Kf6 44. gxh5 c5 45. Nf3
cxd4 46. Nxd4 g4 47. hxg4 fxg4 48. Kc3 Kg5 49. h6 Rxh6 50. Nb5 Bb6 51. Kd3
Kf4 52. Ke2 Ba5 53. Rd4+ Kf5 54. Nd6+ Ke5 55. Nb5 Kf5 56. Kf1 Bb6 57. Rc4
Rh2 58. Nd4+ Ke5 59. f4+ Kd5 60. Rc2 g3 61. Nc6 Rxc2 62. Nb4+ Ke4 63. Nxc2
Kxf4 64. Kg2 Kg4 65. Nb4 Bc5 66. Nd5 Bd4 67. a5 Kh4 68. Nf4 Kg4 69. Ne2 Be5
70. a6 Bb8 71. Nxg3 Kf4 72. Kf2 Ke5 73. Nf5 Kxf5 74. Ke3 Ba7+ 75. Kd3 Ke5
76. Kc4 Kd6 77. Kb5 Kc7 78. Ka5 Bg1 79. Kb5 Bf2 80. Ka5 Be3 81. Kb5 Bf2 82.
Ka5 Be3 83. Kb5 Bf2 84. Ka5 Be3 85. Kb5 Bf2 86. a7 Bxa7
{Game drawn because neither player has mating material}
1/2-1/2